 Dungeon Sprint DCSS version 0.17-a0-1360-g37db002 (webtiles) character file.

28903 Kidiri the Imperceptible (level 13, -4/55 HPs)
             Began as a Spriggan Enchanter on June 11, 2015.
             Was the Champion of Dithmenos.
             Slain by a greater naga
             ... wielding a +0 flail
              (16 damage)
             ... in the Dungeon (Sprint III: "The Ten Rune Challenge").
             The game lasted 00:17:28 (2629 turns).

Kidiri the Imperceptible (Spriggan Enchanter)       Turns: 2629, Time: 00:17:28

Health: -4/55      AC:  3    Str:  6    XL:     13   Next: 12%
Magic:  7/35       EV: 33    Int: 19    God:    Dithmenos [******]
Gold:   50         SH:  0    Dex: 19    Spells: 10 memorised, 18 levels left

rFire  . . .     SeeInvis +     a - +1 dagger
rCold  . . .     Clarity  +     b - +1 robe
rNeg   . . .     SustAt   .     (shield restricted)
rPois  +         Gourm    .     f - +0 hat
rElec  .         Spirit   .     (no cloak)
rCorr  .         Warding  .     (gloves unavailable)
rMut   .         NoTele   +     (boots unavailable)
MR     ++...                    (no amulet)
Stlth  ++++++++++               (no ring)
                                (no ring)

@: wreathed by umbra, constricted, very quick, very resistant to hostile
enchantments, uncannily stealthy
A: unfitting armour, see invisible, blink 1, clarity, herbivore 3, speed 3,
poison resistance, slow metabolism 2, strong 1, MP-powered wands
a: Blink, Shadow Step, Shadow Form, Renounce Religion


You were in the Dungeon.
You worshipped Dithmenos.
Dithmenos was exalted by your worship.
You were not hungry.

You visited 1 branch You collected 50 gold pieces.

Inventory:

Hand weapons
 a - a +1 dagger (weapon)
Armour
 b - a +1 robe (worn)
 f - a +0 hat (worn)
Scrolls
 j - a scroll of blinking
 k - 4 scrolls of identify {unknown}
 m - 3 scrolls of holy word {unknown}
 q - 2 scrolls of immolation {unknown}
 r - a scroll of recharging {unknown}
Potions
 e - 4 potions of curing
 g - 2 potions of haste
 h - a potion of magic
 i - 2 potions of berserk rage
 o - a potion of agility {unknown}
 p - 3 potions of flight {unknown}
 s - a potion of might
 t - a potion of cancellation {unknown}
Books
 c - a book of Maledictions

   Spells                             Type                      Level
   a - Corona                         Hexes                        1
   b - Ensorcelled Hibernation        Hexes/Ice                    2
   c - Confuse                        Hexes                        3
   d - Tukima's Dance                 Hexes                        3
   e - Dazzling Spray                 Conjuration/Hexes            3
 l - a book of Conjurations

   Spells                             Type                      Level
   a - Magic Dart                     Conjuration                  1
   b - Searing Ray                    Conjuration                  2
   c - Dazzling Spray                 Conjuration/Hexes            3
   d - Fulminant Prism                Conjuration/Hexes            4
   e - Iskenderun's Mystic Blast      Conjuration                  4
   f - Iskenderun's Battlesphere      Conjuration/Charms           5
Comestibles
 d - 2 bread rations
 n - 25 royal jellies


   Skills:
 + Level 11.8 Short Blades
 * Level 19.7 Dodging
 * Level 21.2 Stealth
 * Level 17.1 Spellcasting
 + Level 8.1 Conjurations
 + Level 13.2 Hexes
 + Level 11.7 Charms
 + Level 9.0 Ice Magic
 + Level 9.8 Invocations


You had 18 spell levels left.
You knew the following spells:

 Your Spells              Type           Power        Failure   Level  Hunger
a - Corona                Hex            ######.      0%          1    None
b - Ensorcelled Hibernat  Hex/Ice        ######       1%          2    None
c - Confuse               Hex            ######..     1%          3    None
d - Tukima's Dance        Hex            ######..     1%          3    None
e - Dazzling Spray        Conj/Hex       ######..     1%          3    None
f - Magic Dart            Conj           ####         1%          1    None
g - Searing Ray           Conj           #####.       1%          2    None
h - Fulminant Prism       Conj/Hex       ######....   1%          4    None
i - Iskenderun's Mystic   Conj           #####...     1%          4    None
j - Iskenderun's Battles  Conj/Chrm      ######..     1%          5    ###....


Dungeon Overview and Level Annotations

Branches:
Dungeon (1/1)

Altars:
Cheibriados
Dithmenos
Elyvilon
Fedhas
Gozag
Kikubaaqudgha
Makhleb
Nemelex Xobeh
Okawaru
Qazlal
Ru
Sif Muna
Trog
Vehumet
Xom
Yredelemnul
Zin
The Shining One
Jiyva
Lugonu

Shops:
D (!:


Innate Abilities, Weirdness & Mutations

You are tiny and cannot use many weapons and most armour.
You have supernaturally acute eyesight.
You are a herbivore.
You cover ground extremely quickly.
You need consume almost no food.
You can translocate small distances at will.
You possess an exceptional clarity of mind.
Your system is resistant to poisons.
Your muscles are strong. (Str +2)
You expend magic power (3 MP) to strengthen your wands.


Message History

The greater naga spits poison at you. The splash of poison misses you.
The naga warrior hits you from afar with a spear!!
You emit a cloud of dark smoke.
Casting: Iskenderun's Battlesphere
Confirm with . or Enter, or press ? or * to list all spells.
Aiming: Dazzling Spray
Press: ? - help, Shift-Dir - straight line, f - greater naga
Aim: a greater naga, wielding a flail and wearing a robe (black smoke, moderately wounded, catching its breath, umbra)
The spray of energy misses the greater naga.
The naga warrior blocks the spray of energy.
Your battlesphere fires!
The barrage of energy hits the greater naga.
The greater naga is moderately wounded.
The greater naga closely misses you. The greater naga grabs you.
* * * LOW HITPOINT WARNING * * *
The greater naga constricts you.
Your attempt to break free from the greater naga fails, but you feel that another attempt might succeed.
The naga warrior barely misses you. The greater naga hits you with a flail!
You die...

#............#
###########..#
##...........#
#..%........##
#..##########
#...........##
##...........#
##########..#
#..)NN@*§...#
#∩..)§§§§§..##
#∩.##########
#∩. ##


You could see a naga warrior and a greater naga.

Vanquished Creatures
  Rupert (D)
  Frances (D)
  Gastronok (D)
  Maud (D)
  Wiglaf (D)
  2 dire elephants (D)
  A centaur warrior (D)
  6 anacondas (D)
  Erica (D)
  4 death yaks (D)
  An unseen horror (D)
  A lindwurm (D)
  8 black mambas (D)
  2 elephants (D)
  A komodo dragon (D)
  2 spiny frogs (D)
  A deep elf priest (D)
  A fire drake (D)
  3 wandering mushrooms (D)
  A queen bee (D)
  8 blink frogs (D)
  A shadow (D)
  3 redbacks (D)
  2 nagas (D)
  A spatial vortex (D)
  5 water moccasins (D)
  A swamp drake (D)
  A necrophage (D)
  2 centaurs (D)
  An earth elemental (D)
  2 brain worms (D)
  A water elemental (D)
  A scorpion (D)
  32 killer bees (D)
  A jelly (D)
  A wizard (D)
  A necromancer (D)
  3 humans (D)
  A kobold demonologist (D)
  3 adders (D)
  2 oozes (D)
  2 rats (D)
115 creatures vanquished.

Vanquished Creatures (others)
  2 draconian scorchers (D)
  2 hydras (D)
  2 yaktaurs (D)
  An electric eel (D)
  9 fulminant prisms (D)
16 creatures vanquished.

Grand Total: 131 creatures vanquished

Notes
Turn   | Place    | Note
--------------------------------------------------------------
     0 | D        | Kidiri the Spriggan Enchanter began the quest for the Orb.
     0 | D        | Reached XP level 1. HP: 9/9 MP: 5/5
    17 | D        | Reached skill level 5 in Stealth
    17 | D        | Reached XP level 2. HP: 7/13 MP: 5/7
    21 | D        | Learned a level 2 spell: Ensorcelled Hibernation
    31 | D        | Killed a yaktaur
   166 | D        | Killed a white draconian scorcher
   189 | D        | Killed a white draconian scorcher
   202 | D        | Noticed a scorpion
   205 | D        | Killed a scorpion
   205 | D        | Reached skill level 5 in Dodging
   205 | D        | Reached skill level 7 in Stealth
   205 | D        | Reached skill level 5 in Spellcasting
   205 | D        | Reached skill level 1 in Ice Magic
   205 | D        | Reached XP level 3. HP: 16/16 MP: 7/10
   210 | D        | Reached skill level 5 in Hexes
   210 | D        | Reached XP level 4. HP: 21/21 MP: 5/12
   225 | D        | Gained mutation: Your system is resistant to poisons. [potion of mutation]
   225 | D        | Gained mutation: You can translocate small distances at will. [potion of mutation]
   225 | D        | Gained mutation: Your muscles are strong. (Str +2) [potion of mutation]
   226 | D        | Gained mutation: You possess an exceptional clarity of mind. [potion of mutation]
   226 | D        | Gained mutation: You expend magic power (3 MP) to strengthen your wands. [potion of mutation]
   268 | D        | Learned a level 3 spell: Confuse
   272 | D        | Learned a level 3 spell: Tukima's Dance
   276 | D        | Learned a level 3 spell: Dazzling Spray
   280 | D        | Noticed a water elemental
   283 | D        | Killed a water elemental
   283 | D        | Reached skill level 8 in Stealth
   283 | D        | Reached skill level 1 in Conjurations
   283 | D        | Reached XP level 5. HP: 24/24 MP: 12/14
   303 | D        | Noticed a jelly
   304 | D        | Noticed a shadow
   306 | D        | Killed a shadow
   306 | D        | Reached skill level 9 in Dodging
   306 | D        | Reached skill level 10 in Stealth
   306 | D        | Reached XP level 6. HP: 28/28 MP: 14/17
   308 | D        | Killed a jelly
   316 | D        | Found a stormy altar of Qazlal.
   317 | D        | Found a sacrificial altar of Ru.
   317 | D        | Found a burning altar of Makhleb.
   317 | D        | Found a viscous altar of Jiyva.
   317 | D        | Found a shimmering altar of Xom.
   317 | D        | Found a shadowy altar of Dithmenos.
   317 | D        | Found a sparkling altar of Nemelex Xobeh.
   317 | D        | Found a corrupted altar of Lugonu.
   317 | D        | Found an opulent altar of Gozag.
   317 | D        | Noticed a spatial vortex
   318 | D        | Killed a spatial vortex
   318 | D        | Reached skill level 5 in Short Blades
   318 | D        | Reached skill level 11 in Stealth
   322 | D        | Became a worshipper of Dithmenos the Shadowed
   345 | D        | Found a radiant altar of Vehumet.
   345 | D        | Found a deep blue altar of Sif Muna.
   345 | D        | Found an ancient bone altar of Kikubaaqudgha.
   345 | D        | Noticed a wizard
   347 | D        | Killed a wizard
   349 | D        | Reached skill level 10 in Dodging
   356 | D        | Learned a level 1 spell: Magic Dart
   359 | D        | Learned a level 2 spell: Searing Ray
   364 | D        | Learned a level 4 spell: Fulminant Prism
   371 | D        | Found a glowing silver altar of Zin.
   372 | D        | Found a glowing golden altar of the Shining One.
   372 | D        | Found a white marble altar of Elyvilon.
   372 | D        | Noticed a deep elf priest
   374 | D        | Killed a deep elf priest
   374 | D        | Reached skill level 1 in Invocations
   374 | D        | Reached XP level 7. HP: 32/32 MP: 18/20
   380 | D        | Learned a level 4 spell: Iskenderun's Mystic Blast
   388 | D        | Found an iron altar of Okawaru.
   389 | D        | Found a bloodstained altar of Trog.
   389 | D        | Noticed a human
   389 | D        | Noticed a human
   391 | D        | Killed a human
   391 | D        | Reached skill level 12 in Stealth
   392 | D        | Killed a human
   408 | D        | Found a snail-covered altar of Cheibriados.
   408 | D        | Noticed a necrophage
   409 | D        | Found a basalt altar of Yredelemnul.
   409 | D        | Found a blossoming altar of Fedhas.
   409 | D        | Noticed a necromancer
   410 | D        | Killed a necrophage
   410 | D        | Acquired Dithmenos's first power
   410 | D        | Reached XP level 8. HP: 36/36 MP: 22/22
   411 | D        | Killed a necromancer
   430 | D        | Noticed Erica
   686 | D        | Noticed an orc priest
   712 | D        | Killed Erica
   712 | D        | Reached skill level 13 in Stealth
   712 | D        | Reached skill level 10 in Spellcasting
   762 | D        | Noticed an earth elemental
   765 | D        | Killed an earth elemental
   770 | D        | Noticed a centaur
   770 | D        | Noticed a centaur warrior
   770 | D        | Noticed a centaur
   772 | D        | Killed a centaur
   772 | D        | Reached skill level 5 in Ice Magic
   774 | D        | Killed a centaur warrior
   774 | D        | Acquired Dithmenos's second power
   774 | D        | Reached skill level 14 in Stealth
   774 | D        | Reached XP level 9. HP: 39/39 MP: 23/25
   775 | D        | Killed a centaur
   788 | D        | Learned a level 5 spell: Iskenderun's Battlesphere
   875 | D        | Noticed an unseen horror
   877 | D        | Killed an unseen horror
   877 | D        | Reached skill level 15 in Stealth
   877 | D        | Reached skill level 5 in Invocations
   887 | D        | Noticed a killer bee
   887 | D        | Noticed a killer bee
   887 | D        | Noticed a killer bee
   887 | D        | Noticed a killer bee
   887 | D        | Noticed a killer bee
   887 | D        | Noticed a killer bee
   887 | D        | Noticed a killer bee
   887 | D        | Noticed a killer bee
   887 | D        | Noticed a killer bee
   887 | D        | Noticed a killer bee
   887 | D        | Noticed a killer bee
   887 | D        | Noticed a killer bee
   887 | D        | Noticed a killer bee
   887 | D        | Noticed a killer bee
   887 | D        | Noticed a killer bee
   888 | D        | Noticed a killer bee
   888 | D        | Noticed a killer bee
   888 | D        | Noticed a killer bee
   888 | D        | Noticed a killer bee
   888 | D        | Noticed a killer bee
   888 | D        | Noticed a queen bee
   888 | D        | Noticed a killer bee
   888 | D        | Noticed a killer bee
   888 | D        | Noticed a killer bee
   888 | D        | Noticed a killer bee
   888 | D        | Noticed a killer bee
   888 | D        | Noticed a killer bee
   888 | D        | Noticed a killer bee
   888 | D        | Noticed a killer bee
   888 | D        | Noticed a killer bee
   888 | D        | Noticed a killer bee
   888 | D        | Noticed a killer bee
   888 | D        | Noticed a killer bee
   891 | D        | Killed a killer bee
   892 | D        | Killed a killer bee
   892 | D        | Killed a killer bee
   892 | D        | Acquired Dithmenos's third power
   892 | D        | Killed a killer bee
   892 | D        | Killed a killer bee
   892 | D        | Killed a killer bee
   892 | D        | Killed a killer bee
   892 | D        | Killed a killer bee
   892 | D        | Killed a killer bee
   892 | D        | Acquired Dithmenos's fourth power
   892 | D        | Killed a killer bee
   892 | D        | Killed a killer bee
   892 | D        | Killed a killer bee
   892 | D        | Killed a killer bee
   892 | D        | Reached skill level 5 in Conjurations
   895 | D        | Killed a killer bee
   896 | D        | Killed a killer bee
   896 | D        | Killed a killer bee
   896 | D        | Reached XP level 10. HP: 31/44 MP: 9/27
   896 | D        | Killed a killer bee
   898 | D        | Killed a killer bee
   899 | D        | Killed a killer bee
   899 | D        | Killed a killer bee
   900 | D        | Killed a killer bee
   900 | D        | Killed a killer bee
   900 | D        | Killed a killer bee
   900 | D        | Killed a killer bee
   900 | D        | Killed a killer bee
   900 | D        | Killed a killer bee
   900 | D        | Killed a killer bee
   900 | D        | Killed a killer bee
   914 | D        | Killed a killer bee
   914 | D        | Reached skill level 10 in Hexes
   921 | D        | Killed a killer bee
   938 | D        | Killed a killer bee
   938 | D        | Killed a killer bee
   941 | D        | Killed a queen bee
  1064 | D        | Noticed Wiglaf
  1064 | D        | Noticed Frances
  1067 | D        | Killed Wiglaf
  1067 | D        | Reached skill level 15 in Dodging
  1067 | D        | Reached skill level 16 in Stealth
  1067 | D        | Reached skill level 5 in Charms
  1070 | D        | Noticed an ice devil
  1072 | D        | Noticed a rust devil
  1137 | D        | Killed Frances
  1137 | D        | Reached skill level 17 in Stealth
  1227 | D        | Noticed a wandering mushroom
  1234 | D        | Noticed a wandering mushroom
  1236 | D        | Noticed a wandering mushroom
  1238 | D        | Killed a wandering mushroom
  1238 | D        | Reached XP level 11. HP: 47/47 MP: 29/29
  1245 | D        | Killed a wandering mushroom
  1248 | D        | Killed a wandering mushroom
  1421 | D        | Noticed a spiny frog
  1421 | D        | Noticed a komodo dragon
  1421 | D        | Noticed a spiny frog
  1428 | D        | Killed a spiny frog
  1430 | D        | Killed a spiny frog
  1443 | D        | Killed a komodo dragon
  1601 | D        | Noticed a redback
  1603 | D        | Killed a redback
  1604 | D        | Noticed a brain worm
  1607 | D        | Killed a brain worm
  1610 | D        | Noticed a brain worm
  1612 | D        | Killed a brain worm
  1618 | D        | Noticed a lindwurm
  1620 | D        | Noticed a redback
  1621 | D        | Killed a lindwurm
  1623 | D        | Killed a redback
  1629 | D        | Noticed a redback
  1630 | D        | Killed a redback
  1631 | D        | Noticed Maud
  1633 | D        | Killed Maud
  1633 | D        | Reached skill level 10 in Short Blades
  1633 | D        | Reached skill level 18 in Stealth
  1642 | D        | Noticed an electric eel
  1643 | D        | Noticed a seven-headed hydra
  1643 | D        | Noticed an eight-headed hydra
  1649 | D        | Killed an electric eel
  1685 | D        | Noticed a swamp drake
  1685 | D        | Noticed a fire drake
  1686 | D        | Killed a fire drake
  1688 | D        | Killed a swamp drake
  1692 | D        | Killed an eight-headed hydra
  1697 | D        | Noticed a blink frog
  1697 | D        | Noticed a blink frog
  1697 | D        | Noticed a blink frog
  1698 | D        | Noticed a blink frog
  1698 | D        | Noticed a blink frog
  1699 | D        | Killed a blink frog
  1700 | D        | Killed a blink frog
  1703 | D        | Killed a blink frog
  1705 | D        | Killed a blink frog
  1708 | D        | Killed a blink frog
  1766 | D        | Noticed Rupert
  1769 | D        | Killed Rupert
  1769 | D        | Reached skill level 15 in Spellcasting
  1777 | D        | Killed a yaktaur
  1779 | D        | Noticed an azure jelly
  1779 | D        | Noticed an azure jelly
  1779 | D        | Noticed an azure jelly
  1779 | D        | Noticed an azure jelly
  1780 | D        | Noticed an elephant
  1780 | D        | Noticed an elephant
  1780 | D        | Noticed a dire elephant
  1780 | D        | Noticed a dire elephant
  1780 | D        | Noticed Gastronok
  1782 | D        | Killed Gastronok
  1782 | D        | Reached skill level 19 in Stealth
  1782 | D        | Reached XP level 12. HP: 51/51 MP: 28/32
  1783 | D        | Killed a dire elephant
  1785 | D        | Killed a dire elephant
  1789 | D        | Killed an elephant
  1789 | D        | Reached skill level 10 in Charms
  1791 | D        | Killed an elephant
  1842 | D        | Noticed a death yak
  1843 | D        | Noticed a death yak
  1843 | D        | Noticed a blink frog
  1845 | D        | Killed a death yak
  1846 | D        | Noticed a death yak
  1846 | D        | Noticed a blink frog
  1846 | D        | Noticed a death yak
  1847 | D        | Killed a death yak
  1848 | D        | Killed a blink frog
  1849 | D        | Noticed a blink frog
  1849 | D        | Noticed a black mamba
  1850 | D        | Killed a death yak
  1851 | D        | Noticed a black mamba
  1852 | D        | Killed a death yak
  1852 | D        | Reached skill level 20 in Stealth
  1853 | D        | Killed a blink frog
  1854 | D        | Killed a blink frog
  1856 | D        | Killed a black mamba
  1857 | D        | Killed a black mamba
  1899 | D        | Noticed an anaconda
  1900 | D        | Noticed an anaconda
  1900 | D        | Noticed a black mamba
  1900 | D        | Noticed a black mamba
  1900 | D        | Noticed an anaconda
  1900 | D        | Noticed a black mamba
  1900 | D        | Noticed a water moccasin
  1903 | D        | Killed an anaconda
  1919 | D        | Killed an anaconda
  2048 | D        | Killed a seven-headed hydra
  2110 | D        | Noticed a water moccasin
  2131 | D        | Killed an anaconda
  2133 | D        | Killed a black mamba
  2168 | D        | Killed a water moccasin
  2415 | D        | Noticed a water moccasin
  2423 | D        | Killed a black mamba
  2427 | D        | Killed a water moccasin
  2429 | D        | Killed a water moccasin
  2469 | D        | Noticed a water moccasin
  2476 | D        | Killed a water moccasin
  2523 | D        | Noticed a water moccasin
  2528 | D        | Killed a water moccasin
  2537 | D        | Noticed an anaconda
  2538 | D        | Noticed a black mamba
  2539 | D        | Killed an anaconda
  2540 | D        | Killed a black mamba
  2552 | D        | Killed a black mamba
  2552 | D        | Reached XP level 13. HP: 55/55 MP: 29/34
  2578 | D        | Noticed a black mamba
  2578 | D        | Noticed an anaconda
  2579 | D        | Noticed an anaconda
  2579 | D        | Noticed a black mamba
  2580 | D        | Killed an anaconda
  2582 | D        | Killed an anaconda
  2582 | D        | Reached skill level 21 in Stealth
  2583 | D        | Killed a black mamba
  2586 | D        | Killed a black mamba
  2605 | D        | Noticed a naga
  2605 | D        | Noticed a naga
  2606 | D        | Noticed a naga warrior
  2606 | D        | Noticed a greater naga
  2606 | D        | Found Atikeahi's Antique Weapon Boutique.
  2606 | D        | Found Dibioleday's Distillery.
  2606 | D        | Found Milyn's Book Shop.
  2607 | D        | Killed a naga
  2608 | D        | Killed a naga
  2629 | D        | Slain by a greater naga

Vault maps used:
D:        dungeon_sprint_mu

Action                   |  1- 3 |  4- 6 |  7- 9 | 10-12 | 13-15 || total
-------------------------+-------+-------+-------+-------+-------++-------
Melee: Dagger            |    13 |     7 |    21 |   137 |    12 ||   190
 Cast: Ensorcelled Hiber |     1 |     1 |     1 |    21 |       ||    24
       Dazzling Spray    |       |       |     4 |    11 |     4 ||    19
       Fulminant Prism   |       |       |     3 |     4 |     2 ||     9
       Confuse           |       |       |       |    11 |     1 ||    12
       Iskenderun's Batt |       |       |       |       |     1 ||     1
Invok: Shadow Step       |       |       |       |     9 |     2 ||    11
  Use: Potion            |       |     2 |     1 |     2 |       ||     5
 Stab: Sleeping          |     4 |     7 |     9 |    44 |     6 ||    70
       Invisible         |       |       |     3 |     4 |       ||     7
       Distracted        |       |       |     1 |     2 |       ||     3
       Confused          |       |       |       |     4 |       ||     4
